 Dungeon Crawl Stone Soup version 0.31-a0-189-ga26ba32dd1 (webtiles) character file.

Game seed: 9839742306901338120

77 qw the Shooter (level 4, 0/25 HPs)
             Began as a Deep Elf Hunter on June 23, 2023.
             Slain by a goblin
             ... wielding a +0 dagger
             ... led by Robin
              (3 damage)
             ... on level 3 of the Dungeon.
             The game lasted 00:00:33 (1458 turns).

qw the Shooter (Deep Elf Hunter)                    Turns: 1458, Time: 00:00:33

Health: 0/25       AC: -1    Str:  8 (10) XL:     4   Next: 14%
Magic:  6/6        EV: 13    Int: 16 (17) God:
Gold:   190        SH:  0    Dex: 18 (21) Spells: 3/3 levels left

rFire   . . .        Y - +0 orcbow
rCold   . . .        (shield currently unavailable)
rNeg    . . .        j - +0 robe "Goehyclail" {*Corrode Regen+ Int+3 Dex+3}
rPois   .            (no helmet)
rElec   .            (no cloak)
rCorr   .            g - +0 pair of gloves
SInv    .            (no boots)
Will    .....        (no amulet)
Stlth   ++           (no ring)
HPRegen 1.04/turn    (no ring)
MPRegen 0.10/turn

%: corrode self (3%)
@: about to teleport, corroded
A: no striking features
a: no special abilities


You were on level 3 of the Dungeon.
You visited 1 branch of the dungeon, and saw 3 of its levels.

You collected 190 gold pieces.


   Skills:
 - Level 1.5 Fighting
 + Level 7.5 Ranged Weapons
 - Level 2.4 Dodging
 - Level 1.2 Stealth


You had 3 spell levels left.
You didn't know any spells.
Your spell library was empty.

Inventory:

Hand Weapons
 Y - a +0 orcbow (weapon)
Armour
 g - a +0 pair of gloves (worn)
 j - the +0 robe "Goehyclail" (worn) {*Corrode Regen+ Int+3 Dex+3}
   (You found it on level 2 of the Dungeon)

   Int:       It affects your intelligence (+3).
   Dex:       It affects your dexterity (+3).
   Regen:     It increases your rate of health regeneration.
   *Corrode:  It may corrode you when you take damage.
Jewellery
 a - a ring of ice
Scrolls
 b - a scroll of identify
 d - a scroll of enchant weapon {unknown}
 e - a scroll of summoning {unknown}
 i - a scroll of teleportation
Potions
 c - a potion of berserk rage {unknown}
 k - a potion of curing
 l - a potion of ambrosia {unknown}

Dungeon Overview and Level Annotations

Branches:
Dungeon (3/15)

Altars:

Annotations:
D:3 Robin


Message History

You kill the hobgoblin!
The goblin closely misses you.
You shoot an arrow. The arrow hits the goblin!
You kill the goblin!
The goblin hits you with a +0 club.
You shoot an arrow.
The arrow hits the goblin but does no damage.
A goblin comes into view. It is wielding a +0 dagger.
The goblin hits you with a +0 club.
Robin of the Strong Arm comes into view.
They are wielding a +6 short sword of holy wrath.
You shoot an arrow.
Robin shouts!
The arrow hits the goblin.
You kill the goblin!
Robin throws the goblin at you! The goblin misses you.
The goblin closely misses you. The goblin hits you with a dagger.
The goblin misses you. The goblin closely misses you.
The goblin hits you with a dagger. The hobgoblin closely misses you.
You shoot an arrow. The arrow hits the hobgoblin.
The hobgoblin is heavily wounded.
Robin roars a battlecry!
The goblins go into a battle-frenzy!
The goblin hits you with a +0 club. The hobgoblin completely misses you.
The goblin hits you with a +0 club. The goblin barely misses you.
You shoot an arrow. The arrow hits the hobgoblin!
You kill the hobgoblin!
Robin roars a battlecry!
The goblin goes into a battle-frenzy!
The goblin closely misses you. x2; The goblin hits you with a +0 dagger.
You hear a shout!
You shoot an arrow. The arrow closely misses the goblin.
The goblin hits you with a +0 dagger.
Your corrosive artefact corrodes you!
The goblin hits you with a +0 club. The goblin barely misses you.
A goblin comes into view. It is wielding a +0 club.
The goblin closely misses you.
1458 ||| READING 2 scrolls of teleportation.
As you read the scroll of teleportation, it crumbles to dust.
You feel strangely unstable. The goblin hits you with a +0 dagger.
You die...

... #.##.####
#.#.##.##.##.g
..........##.g
.........##.# #
.........##.# .# #
.#.......##.##.##.#
#.......##g......#
#.......##gg...%.#
#...<....g@g#
######.####.# #.#
.# #.# .. #.# .##
#.# .# #.. .# ...
## ###


You could see Robin and 6 goblins.

Vanquished Creatures
  3 adders
  2 worms (D:2)
  2 bats
  An endoplasm (D:2)
  2 giant cockroaches (D:2)
  5 goblins
  7 hobgoblins
  3 jackals (D:3)
  4 quokkas
  5 ball pythons
  A frilled lizard (D:1)
  4 kobolds
  5 rats
44 creatures vanquished.

Notes
Turn   | Place    | Note
-------+----------+-------------------------------------------
     0 | D:1      | qw the Deep Elf Hunter began the quest for the Orb.
     0 | D:1      | Reached XP level 1. HP: 12/12 MP: 3/3
     0 | D:1      | 0 ||| qw: Version: 0.3-a-9-g12657ce
     0 | D:1      | 0 ||| qw: Game counter: 4433
     0 | D:1      | 0 ||| qw: Always use a shield: true
     0 | D:1      | 0 ||| qw: God list: Okawaru
     0 | D:1      | 0 ||| qw: Allow faded altars: false
     0 | D:1      | 0 ||| qw: Do Orc after D:15 true
     0 | D:1      | 0 ||| qw: Do second Lair branch before Depths: true
     0 | D:1      | 0 ||| qw: Lair rune preference: random
     0 | D:1      | 0 ||| qw: Plans: Normal
     0 | D:1      | 0 ||| PLANNING D:1-11
   109 | D:1      | 109 ||| SWAPPING to +0 orcbow.
   111 | D:1      | 111 ||| DROPPING +0 shortbow.
   125 | D:1      | You fall into a shaft and drop 1 floor!
   199 | D:2      | 199 ||| Stepping ~*~*~tactically~*~*~ (outnumbered).
   208 | D:2      | Reached skill level 6 in Ranged Weapons
   208 | D:2      | Reached XP level 2. HP: 14/16 MP: 4/4
   294 | D:2      | Reached XP level 3. HP: 7/20 MP: 5/5
   295 | D:2      | HP: 5/20 [poisoned by an adder]
   367 | D:2      | Identified the +0 robe "Goehyclail" {*Corrode Regen+ Int+3
                  | Dex+3}
   420 | D:2      | 420 ||| UPGRADING to +0 pair of gloves.
   425 | D:2      | 425 ||| UPGRADING to +0 robe "Goehyclail" {*Corrode Regen+
                  | Int+3 Dex+3}.
   435 | D:2      | 435 ||| DROPPING +0 leather armour.
   436 | D:2      | 436 ||| READING scroll labelled JIUF BOIRAT.
   437 | D:2      | 437 ||| READING 3 scrolls labelled LUIXTO UGE JET.
   440 | D:2      | 440 ||| DROPPING scroll of butterflies.
  1002 | D:1      | 1002 ||| READING 3 scrolls labelled CATAIDGHEYF.
  1003 | D:1      | 1003 ||| READING scroll labelled REFUOV LEPTI.
  1004 | D:1      | 1004 ||| READING scroll labelled ABADAY RIAG.
  1005 | D:1      | 1005 ||| READING scroll labelled NIGHEO MUAPAFU.
  1014 | D:1      | 1014 ||| DRINKING 2 sedimented pink potions.
  1015 | D:1      | 1015 ||| READING 2 scrolls of identify.
  1015 | D:1      | 1015 ||| IDENTIFYING yellow potion
  1016 | D:1      | 1016 ||| DROPPING potion of degeneration.
  1017 | D:1      | 1017 ||| DROPPING potion of magic.
  1092 | D:2      | Reached skill level 7 in Ranged Weapons
  1220 | D:2      | 1220 ||| READING scroll labelled SUORREUPYQ.
  1221 | D:2      | 1221 ||| READING 2 scrolls of identify.
  1221 | D:2      | 1221 ||| IDENTIFYING blue potion
  1445 | D:3      | Reached XP level 4. HP: 25/25 MP: 6/6
  1453 | D:3      | Noticed Robin
  1457 | D:3      | HP: 2/25 [goblin/+0 club[Robin] (5)]
  1458 | D:3      | 1458 ||| READING 2 scrolls of teleportation.
  1458 | D:3      | Slain by a goblin

Levels and vault maps discovered:
D:1:      erik_arrival_orb_chamber, layout_loops_ring
D:2:      layout_rooms, minmay_quantized
D:3:      layout_loops_cross, nicolae_qazlal_general_emergency, uniq_robin

Skill      XL: |  1  2  3 |
---------------+----------+-----
Ranged Weapons | 6 7 |  7.5
Fighting       | |  1.5
Dodging        | |  2.4
Stealth        | |  1.2

Action                     |  1- 3 |  4- 6 || total
---------------------------+-------+-------++-------
   Fire: Orcbow            |    93 |    13 ||   106
         Shortbow          |     1 |       ||     1
    Use: Scroll            |     9 |     1 ||    10
         Potion            |     1 |       ||     1
 Armour: Leather armour    |     3 |       ||     3
         Robe              |     1 |     1 ||     2
  Dodge: Dodged            |    18 |    12 ||    30

Table legend:
 A = Non-vault XP
 B = Vault XP
 C = Vault XP percentage of total XP
 D = Non-vault monster count
 E = Vault monster count
 F = Vault count percentage of total count
                 A         B        C        D         E       F
            +---------+---------+-------+---------+---------+-------
      Total |      95 |      16 |  14.4 |      35 |       9 |  20.5
            +---------+---------+-------+---------+---------+-------
        D:1 |      12 |       0 |   0.0 |       8 |       0 |   0.0
        D:2 |      58 |       7 |  10.8 |      18 |       4 |  18.2
        D:3 |      25 |       9 |  26.5 |       9 |       5 |  35.7
            +---------+---------+-------+---------+---------+-------
